 Dungeon Crawl Stone Soup version 0.31-a0-986-g5e6e4ef867 (webtiles) character file.

Game seed: 11540082802724120940

40 horus123 the Magician (level 3, -1/19 HPs)
             Began as a Deep Elf Conjurer on Nov 20, 2023.
             Slain by an iguana (13 damage)
             ... on level 2 of the Dungeon.
             The game lasted 00:01:30 (1448 turns).

horus123 the Magician (Deep Elf Conjurer)           Turns: 1448, Time: 00:01:30

Health: -1/19      AC:  3    Str:  4    XL:     3   Next: 30%
Magic:  4/11       EV: 12    Int: 24    God:
Gold:   50         SH:  0    Dex: 13    Spells: 9/12 levels left

rFire   . . .        g - +0 rapier
rCold   . . .        (no shield)
rNeg    . . .        a - +0 robe
rPois   .            (no helmet)
rElec   .            (no cloak)
rCorr   .            j - +0 pair of gloves
SInv    .            (no boots)
Will    .....        (no amulet)
Stlth   ++           (no ring)
HPRegen 0.23/turn    (no ring)
MPRegen 0.12/turn

%: no passive effects
@: no status effects
A: no striking features
a: no special abilities


You were on level 2 of the Dungeon.
You visited 1 branch of the dungeon, and saw 2 of its levels.

You collected 50 gold pieces.

Inventory:

Hand Weapons
 g - a +0 rapier (weapon)
Armour
 a - a +0 robe (worn)
 j - a +0 pair of gloves (worn)
Scrolls
 d - a scroll of torment {unknown}
 e - a scroll of vulnerability {unknown}
 f - 2 scrolls of identify {unknown}
 h - a scroll of teleportation {unknown}
 l - a scroll of enchant armour {unknown}
Potions
 b - 2 potions of magic
 c - 2 potions of curing {unknown}
 i - a potion of attraction {unknown}
 k - a potion of enlightenment {unknown}


   Skills:
 - Level 2.4 Dodging
 - Level 2.4 Stealth
 + Level 5.2 Spellcasting
 - Level 4.3 Conjurations


You had 9 spell levels left.
You knew the following spells:

 Your Spells              Type           Power      Damage    Failure   Level
a - Magic Dart            Conj           100%       1d8       1%          1
b - Searing Ray           Conj           54%        2d6       2%          2

Your spell library contained the following spells:

 Spells                   Type           Power      Damage    Failure   Level
 Dazzling Flash           Conj/Hex       32%        N/A       11%         3
 Fulminant Prism          Conj/Hex       8%         3d7       34%         4
 Iskenderun's Mystic Bla  Conj/Tloc      16%        2d5       34%         4


Dungeon Overview and Level Annotations

Branches:
Dungeon (2/15)

Altars:


Message History

The magic dart hits the dart slug.
The dart slug is moderately wounded.
You hear an angry hiss.
The magic dart hits the dart slug but does no damage.
The dart slug is moderately wounded.
The dart slug launches a dart at you.
The slug dart hits you but does no damage.
The magic dart hits the dart slug!
You kill the dart slug!
You can't see any susceptible monsters within range! (Use Z to cast anyway.)
You can't see any susceptible monsters within range! (Use Z to cast anyway.)
A ball python comes into view.
The magic dart hits the ball python.
You kill the ball python!
An iguana comes into view.
The magic dart hits the iguana.
The iguana is moderately wounded.
The iguana hisses angrily.
An iguana is nearby!
The magic dart hits the iguana but does no damage.
The iguana is moderately wounded.
Casting: Magic Dart (safe; 1% risk of failure)
Confirm with . or Enter, or press ? or * to list all spells.
Aiming: Searing Ray (safe; 2% risk of failure)
Press: ? - help, Shift-Dir - straight line, f/p - iguana
Aim: an iguana (moderately wounded, 82% to hit)
The searing ray hits the iguana but does no damage.
The iguana is moderately wounded. (Press . to maintain the ray.)
The searing ray hits the iguana.
The iguana is moderately wounded.
The searing ray hits the iguana.
The iguana is heavily wounded.
The iguana bites you!
The searing ray hits the iguana.
The iguana is severely wounded.
You finish channelling your searing ray.
The iguana bites you!
Ouch! That really hurt!
You die...

#.. ## #. ... ... . #..
#.#.# .# # # #.. #.#.
#.# #. ..#.#.. ... ...
#..# †.... #.###.##.
#... ..#.#.l###........
#### ....!..@........#.#
.......###..##.##.######
.!..........##..........
....#######.##.##.......
#.# #.##.##..##### #
#.##.##..# #
#######.##.##..## #
................####
##########.##.......


You could see an iguana.

Vanquished Creatures
  2 dart slugs (D:2)
  2 worms (D:2)
  2 bats (D:1)
  3 endoplasms
  A giant cockroach (D:1)
  2 goblins
  A hobgoblin (D:2)
  A quokka (D:1)
  9 ball pythons
  2 frilled lizards (D:2)
  3 kobolds
  2 rats
30 creatures vanquished.

Notes
Turn   | Place    | Note
-------+----------+-------------------------------------------
     0 | D:1      | horus123 the Deep Elf Conjurer began the quest for the Orb.
     0 | D:1      | Reached XP level 1. HP: 10/10 MP: 6/6
   225 | D:1      | Found a faded altar of an unknown god.
   267 | D:1      | Reached skill level 4 in Spellcasting
   267 | D:1      | Reached XP level 2. HP: 15/15 MP: 5/9
   273 | D:1      | Learned a level 2 spell: Searing Ray
  1111 | D:2      | Reached XP level 3. HP: 19/19 MP: 3/11
  1186 | D:2      | Reached skill level 5 in Spellcasting
  1448 | D:2      | Slain by an iguana

Illustrated notes

Levels and vault maps discovered:
D:1:      dpeg_arrival_stone_temple_mockup, layout_basic,
          ebering_ecumenical_altar_box
D:2:      wander_river, layout_basic, minmay_heptomino_d4

Skill      XL: |  1  2  3 |
---------------+----------+-----
Spellcasting   | 4 5 |  5.2
Dodging        | |  2.4
Stealth        | |  2.4
Conjurations   | |  4.3

Action                     || total
---------------------------++-------
   Cast: Magic Dart        ||    53
         Searing Ray       ||     3
 Armour: Robe              ||     3
  Dodge: Dodged            ||     2

Table legend: (Time is in decaauts)
 A = Elapsed time spent in this place.
 B = Non-inter-level travel time spent in this place.
 C = Inter-level travel time spent in this place.
 D = Time resting spent in this place.
 E = Time spent auto-exploring this place.
 F = Levels seen in this place.
 G = Mean time per level.
                   A        B        C        D        E       F      G
               +--------+--------+--------+--------+--------+-----+--------+
         Total |   1451 |   1417 |     34 |      0 |   1283 |   2 |  725.5 |
       Dungeon |   1451 |   1417 |     34 |      0 |   1283 |   2 |  725.5 |
               +--------+--------+--------+--------+--------+-----+--------+

Top non-repeatable levels by time:
     D:1: 844 daAuts
     D:2: 606 daAuts
